Selects Panzerjäger Kommand Battlegroup
Construct Light Support Kompanie
Panzerjäger Mechanized Group
Selects Defensive Positions
Construct Panzerarmee Kommand
le.IG 18 Mechanized Group
Selects Crew Shock Tactics
Construct Mechanized Kompanie
Walking Stuka Rocket Launcher
254 Reconnaissance Tractor
Selects Elefant Tank Destroyer
Selects Butterfly Bomb Drop